 Dungeon Crawl Stone Soup version 0.30.1-4-g462c640d31 (webtiles) character file.

Game seed: 13616708702476067522

20724 spardeous the Thaumaturge (level 12, -2/81 HPs)
             Began as a Demigod Conjurer on Aug 26, 2023.
             Killed by divine providence
             ... invoked by an orc priest
              (15 damage)
             ... on level 12 of the Dungeon.
             The game lasted 00:28:56 (17916 turns).

spardeous the Thaumaturge (Demigod Conjurer)       Turns: 17916, Time: 00:28:57

Health: -2/81      AC: 10    Str: 20    XL:     12   Next: 18%
Magic:  12/33      EV: 16    Int: 30    God:
Gold:   786        SH:  3    Dex: 12    Spells: 29/36 levels left

rFire   . . .        C - +2 war axe (drain)
rCold   . . .        P - +0 buckler
rNeg    . . .        L - +0 steam dragon scales
rPois   .            w - +0 helmet
rElec   .            Q - +0 cloak
rCorr   .            G - +2 pair of gloves
SInv    .            (no boots)
Will    +....        A - amulet of magic regeneration
Stlth   ++           v - +6 ring of intelligence
HPRegen 0.33/turn    F - +5 ring of evasion
MPRegen 0.63/turn

%: no passive effects
@: no status effects
A: high MP 1, forlorn, divine attributes
a: no special abilities


You were on level 12 of the Dungeon.
You visited 1 branch of the dungeon, and saw 12 of its levels.

You collected 786 gold pieces.

Inventory:

Hand Weapons
 C - a +2 war axe of draining (weapon)
Missiles
 a - 19 poisoned darts
 M - a throwing net
Armour
 o - +0 fire dragon scales
 w - a +0 helmet (worn)
 x - a +1 robe of willpower
 G - a +2 pair of gloves (worn)
 L - +0 steam dragon scales (worn)
 P - a +0 buckler (worn)
 Q - a +0 cloak (worn)
Jewellery
 v - a +6 ring of intelligence (left hand)
 A - an amulet of magic regeneration (around neck)
 F - a +5 ring of evasion (right hand)
 T - a +6 ring of strength
 U - a ring of protection from fire
Wands
 l - a wand of charming (24)
 H - a wand of flame (24)
 J - a wand of polymorph (13)
 K - a wand of light (9)
 N - a wand of digging (9)
Scrolls
 c - 2 scrolls of acquirement {unknown}
 g - 16 scrolls of identify
 h - 3 scrolls of magic mapping {unknown}
 i - 4 scrolls of silence {unknown}
 k - 2 scrolls of summoning {unknown}
 m - 4 scrolls of enchant armour {unknown}
 p - a scroll of vulnerability {unknown}
 q - 2 scrolls of teleportation {unknown}
 y - 3 scrolls of fear {unknown}
 E - a scroll of amnesia {unknown}
 I - 2 scrolls of enchant weapon {unknown}
 R - a scroll of blinking {unknown}
 S - 2 scrolls of torment
Potions
 b - 3 potions of magic
 d - a potion of berserk rage {unknown}
 e - 3 potions of curing
 f - 2 potions of resistance {unknown}
 j - 2 potions of invisibility
 n - 3 potions of attraction {unknown}
 r - 2 potions of mutation {unknown}
 s - 4 potions of haste {unknown}
 t - 6 potions of heal wounds {unknown}
 u - 2 potions of flight {unknown}
 z - 2 potions of lignification {unknown}
 B - 3 potions of cancellation {unknown}
 D - a potion of brilliance {unknown}
 O - a potion of ambrosia {unknown}


   Skills:
 - Level 1.7 Dodging
 - Level 1.7 Stealth
 + Level 12.6 Spellcasting
 - Level 10.0 Conjurations
 - Level 10.3 Translocations


You had 29 spell levels left.
You knew the following spells:

 Your Spells              Type           Power      Damage    Failure   Level
a - Magic Dart            Conj           100%       1d8       1%          1
b - Searing Ray           Conj           100%       2d8       1%          2
c - Iskenderun's Mystic   Conj/Tloc      68%        2d14      1%          4

Your spell library contained the following spells:

 Spells                   Type           Power      Damage    Failure   Level
 Shock                    Conj/Air       100%       1d9       1%          1
 Blink                    Tloc           100%       N/A       1%          2
 Lesser Beckoning         Tloc           100%       N/A       1%          2
 Static Discharge         Conj/Air       96%        2-6/arc   1%          2
 Dazzling Flash           Conj/Hex       96%        N/A       1%          3
 Gell's Gravitas          Tloc           69%        N/A       1%          3
 Teleport Other           Tloc           69%        N/A       1%          3
 Manifold Assault         Tloc           69%        N/A       1%          4
 Beastly Appendage        Tmut           36%        N/A       3%          1
 Fulminant Prism          Conj/Hex       24%        3d12      4%          4
 Wereblood                Tmut           18%        N/A       5%          2
 Dispersal                Tloc           34%        N/A       8%          6
 Spider Form              Tmut/Pois      18%        N/A       11%         3
 Swiftness                Air            18%        N/A       11%         3
 Airstrike                Air            9%         2d(2-18)  34%         4
 Petrify                  Tmut/Erth      18%        N/A       34%         4
 Summon Lightning Spire   Summ/Air       18%        N/A       34%         4
 Metabolic Englaciation   Hex/Ice        9%         N/A       67%         5
 Statue Form              Tmut/Erth      12%        N/A       99%         6
 Storm Form               Tmut/Air       9%         N/A       100%        7


Dungeon Overview and Level Annotations

Branches:
Dungeon (12/15)            Temple (0/1) D:7            Lair (0/5) D:10
    Orc: D:9-12

Shops:
D:3 =   D:4 *   D:7 :[(((


Innate Abilities, Weirdness & Mutations

You have an increased reservoir of magic. (+10% MP)
You shall have no god before yourself.
Your divine heritage dramatically boosts your attributes as you level up.


Message History

The mystic blast hits the boulder beetle!
The boulder beetle is moderately wounded.
The boulder beetle is knocked back by the mystic blast.
The boulder beetle slams into the rock wall!
The mystic blast hits the orc!!
You kill the orc!
You hear a shout!
You now have 20/33 mp.
You feel better.
You regained 8 hp, and now have 28/81 hp.
Casting: Iskenderun's Mystic Blast (mildly dangerous; 1% risk of failure)
Confirm with . or Enter, or press ? or * to list all spells.
You erupt in a blast of force!
The mystic blast hits the boulder beetle.
The boulder beetle is moderately wounded.
The boulder beetle is knocked back by the mystic blast.
An orc priest comes into view. It is wielding a +0 hand axe.
You now have 17/33 mp.
Casting: Iskenderun's Mystic Blast (mildly dangerous; 1% risk of failure)
Confirm with . or Enter, or press ? or * to list all spells.
You erupt in a blast of force!
The mystic blast hits the boulder beetle but does no damage.
The boulder beetle is moderately wounded.
The boulder beetle hits you!!
* * * LOW HITPOINT WARNING * * *
The boulder beetle stops rolling and uncurls.
You take 23 damage, and have 6/81 hp.
MASSIVE DAMAGE!!
You now have 14/33 mp.
You feel better. The boulder beetle closely misses you.
You regained 6 hp, and now have 12/81 hp.
Okay, then.
Casting: Iskenderun's Mystic Blast (mildly dangerous; 1% risk of failure)
Confirm with . or Enter, or press ? or * to list all spells.
You erupt in a blast of force!
The mystic blast hits the boulder beetle!
The boulder beetle is heavily wounded.
The boulder beetle is knocked back by the mystic blast.
You now have 11/33 mp.
The orc priest invokes the aid of Beogh against you.
Beogh smites you!
You die...

.)## ..o## ...o##
#####
#....###...#####
......##)......##
.......#...###..#
>...#....######.##
.....#......###B.#
...........o..).@#
..##.##.#######).#
##....#.#.....#..#
..#.##..#.#'#.#..#
...####.#.#(#.#..#
##.###..#.###.#..#
.####...#.....#..#
...)###.###'###..#
...#..#..........#


You could see a boulder beetle and an orc priest.

Vanquished Creatures
  Josephine (D:11)
  2 ogre magi (D:12)
  A hydra (D:12)
  2 two-headed ogres
  The ghost of sunglassesatnite the Basher, a novice MiBe of Trog (D:7)
  A fire crab (shapeshifter) (D:12)
  Amaemon (D:8)
  A skeletal warrior (D:11)
  Pikel (D:8)
  A manticore (D:11)
  Joseph (D:8)
  2 gargoyles
  An orange demon (D:8)
  An unseen horror (D:12)
  A komodo dragon (D:12)
  Maggie (D:7)
  3 trolls
  A hornet (D:7)
  Grinder (D:3)
  A centaur simulacrum (D:12)
  Sigmund (D:3)
  8 wraiths
  2 shadows
  7 spriggans (D:11)
  3 vampires
  17 yaks
  2 vampire mosquitoes (D:11)
  2 acid dragons
  A water moccasin (D:6)
  2 ice beasts
  2 ogres
  3 orc warriors
  2 sky beasts (D:6)
  2 black bears
  9 centaurs
  2 phantoms (D:7)
  2 lemures
  2 kobold brigands
  5 bullfrogs
  A necrophage (D:8)
  5 scorpions
  5 wights (D:9)
  The ghost of gdog the Covert, a weakling GnDe (D:6)
  15 killer bees
  5 howler monkeys
  A hound (D:6)
  A jelly (D:5)
  6 orc priests
  2 gnoll boudas
  Crazy Yiuf (D:7)
  6 iguanas
  13 orc wizards
  A hound skeleton (D:8)
  Robin (D:3)
  7 gnolls
  7 adders
  A shadow imp (D:8)
  3 white imps
  2 ufetubi
  7 worms
  2 dart slugs (D:1)
  35 orcs
  6 endoplasms
  2 giant cockroaches (D:1)
  11 goblins
  10 hobgoblins
  18 kobolds
  7 quokkas
  9 ball pythons
  7 bats
  A frilled lizard (D:1)
  6 rats
304 creatures vanquished.

Vanquished Creatures (others)
  A butterfly (D:3)
1 creature vanquished.

Grand Total: 305 creatures vanquished

Notes
Turn   | Place    | Note
-------+----------+-------------------------------------------
     0 | D:1      | spardeous the Demigod Conjurer began the quest for the Orb.
     0 | D:1      | Reached XP level 1. HP: 14/14 MP: 5/5
   461 | D:1      | Reached XP level 2. HP: 17/20 MP: 1/7
  1112 | D:1      | Reached XP level 3. HP: 26/26 MP: 0/8
  1403 | D:1      | Learned a level 2 spell: Searing Ray
  1904 | D:2      | Reached skill level 5 in Conjurations
  2339 | D:3      | Noticed Grinder
  2346 | D:3      | Killed Grinder
  2347 | D:3      | Reached XP level 4. HP: 17/33 MP: 1/9
  2347 | D:3      | Reached XP level 5. HP: 20/38 MP: 1/10
  2547 | D:3      | Noticed Robin
  2632 | D:2      | Learned a level 4 spell: Iskenderun's Mystic Blast
  2636 | D:3      | Killed Robin
  2819 | D:3      | Found Hiutood's Jewellery Shoppe.
  2865 | D:3      | Noticed Sigmund
  2929 | D:3      | Killed Sigmund
  2930 | D:3      | Reached XP level 6. HP: 26/45 MP: 3/11
  4042 | D:4      | Found Icloakheo's Gadget Gallery.
  4152 | D:4      | Reached XP level 7. HP: 43/50 MP: 2/12
  4577 | D:5      | Entered Level 5 of the Dungeon
  6055 | D:6      | Reached XP level 8. HP: 44/57 MP: 9/13
  6120 | D:6      | Reached skill level 10 in Conjurations
  6126 | D:6      | Reached skill level 2 in Spellcasting
  6295 | D:6      | Noticed gdog's ghost (weakling GnDe)
  6296 | D:6      | Found a transporter.
  6316 | D:6      | Found a transporter.
  6665 | D:6      | Reached skill level 3 in Spellcasting
  7051 | D:6      | Reached skill level 4 in Spellcasting
  7512 | D:7      | Noticed a hornet
  7522 | D:7      | Killed a hornet
  7523 | D:7      | Reached skill level 5 in Spellcasting
  7992 | D:7      | Found Kacaurchit's Weapon Emporium.
  8121 | D:7      | Noticed Maggie
  8167 | D:7      | Reached skill level 1 in Translocations
  8373 | D:7      | Reached XP level 9. HP: 59/62 MP: 14/20
  8463 | D:7      | Found Acoastavunn's Antique Weapon Shoppe.
  8505 | D:7      | Found a staircase to the Ecumenical Temple.
  8709 | D:7      | Found Huqurr's Armour Boutique.
  8736 | D:7      | Found Hisoal's Book Shoppe.
  8755 | D:7      | Found Amiup's Antique Weapon Shoppe.
  8997 | D:8      | Noticed Joseph
  9551 | D:7      | Found a runed translucent gate.
  9552 | D:7      | Found a runed translucent gate.
  9553 | D:7      | Found a runed translucent gate.
  9553 | D:7      | Noticed sunglassesatnite's ghost (novice MiBe)
  9602 | D:7      | Killed Maggie
  9603 | D:7      | Reached skill level 5 in Translocations
  9853 | D:7      | Found a runed translucent door.
  9854 | D:7      | Noticed Crazy Yiuf
 10140 | D:8      | Noticed an orange demon
 10141 | D:8      | Noticed Amaemon
 10646 | D:8      | Killed an orange demon
 10647 | D:8      | Reached skill level 6 in Spellcasting
 10779 | D:8      | Killed Amaemon
 10780 | D:8      | Reached skill level 7 in Spellcasting
 11093 | D:8      | Killed Joseph
 11241 | D:8      | Noticed Pikel
 11396 | D:8      | Killed Pikel
 11397 | D:8      | Reached skill level 8 in Spellcasting
 11397 | D:8      | Reached XP level 10. HP: 69/69 MP: 20/26
 11448 | D:8      | Noticed a +0 dagger
 11448 | D:8      | Noticed a +0 hand axe
 12029 | D:7      | Killed Crazy Yiuf
 12184 | D:7      | Killed sunglassesatnite's ghost
 12384 | D:6      | Reached skill level 9 in Spellcasting
 12385 | D:6      | Killed gdog's ghost
 12468 | D:7      | Noticed a death yak
 13359 | D:10     | Entered Level 10 of the Dungeon
 13369 | D:10     | Reached skill level 10 in Spellcasting
 14303 | D:10     | Found a staircase to the Lair.
 14307 | D:10     | Reached XP level 11. HP: 74/74 MP: 21/29
 15575 | D:11     | Noticed a two-headed ogre
 15681 | D:11     | Killed a two-headed ogre
 15711 | D:11     | Noticed a skeletal warrior
 15722 | D:11     | Killed a skeletal warrior
 15928 | D:11     | Reached skill level 10 in Translocations
 16463 | D:11     | Noticed Josephine
 16589 | D:11     | Killed Josephine
 16683 | D:11     | Reached skill level 11 in Spellcasting
 16859 | D:11     | Noticed a boulder beetle
 17025 | D:12     | Noticed a two-headed ogre
 17035 | D:12     | Killed a two-headed ogre
 17247 | D:12     | Noticed an eight-headed hydra
 17250 | D:12     | Noticed an orc knight
 17334 | D:12     | Killed an eight-headed hydra
 17335 | D:12     | Reached XP level 12. HP: 81/81 MP: 11/32
 17381 | D:12     | Reached skill level 12 in Spellcasting
 17560 | D:12     | Noticed an ogre mage
 17573 | D:12     | Killed an ogre mage
 17644 | D:12     | Noticed an ogre mage
 17660 | D:12     | Killed an ogre mage
 17781 | D:12     | Noticed a boulder beetle
 17916 | D:12     | Killed from afar by an orc priest

Illustrated notes

Levels and vault maps discovered:
D:1:      scummos_arrival_checkerplants, layout_loops_corners
D:2:      layout_rooms, minmay_indecisive_spiral
D:3:      layout_basic, tso_metal_star, nicolae_elyvilon_peaceful_grove,
          fedhas_altar_1, serial_shops, nicolae_shop_pleasant_corner_grove,
          uniq_sigmund, uniq_robin, uniq_grinder
D:4:      layout_loops_corners, kennysheep_big_empty_room, nicolae_shop_gadgets
D:5:      nicolae_cairo_tiling_large, layout_gridville, serial_glass,
          glass_columns_a, glass_columns_a
D:6:      layout_basic, nicolae_vehumet_radiance, nzn_wu_jian_council_hall,
          gammafunk_ghost_arena
D:7:      layout_rooms, xom_shifter_show, gammafunk_temple_overflow_elements,
          minmay_temple_entry_mist, serial_shops, nicolae_shop_behind_doors,
          shop, nicolae_shop_behind_doors, shop, shop, gammafunk_ghost_split,
          grunt_ministairs_6, minmay_misc_feat_rows, uniq_maggie,
          uniq_crazy_yiuf_cottage
D:8:      layout_gridville, makhleb_blood_cavern_becter,
          dancing_weapons_uskayaw, uniq_pikel, uniq_joseph, uniq_amaemon
D:9:      layout_irregular_city, mainiacjoe_overflow_alcove_2,
          mainiacjoe_overflow_alcove_4, serial_column_ruins,
          column_ruins_open_tiny, column_ruins_grid_3, column_ruins_grid_1,
          column_ruins_open_small, column_ruins_open_tiny,
          column_ruins_corridor_corner
D:10:     layout_layer_cave, hellmonk_okawaru_the_only_friend_you_need,
          lemuel_coloured_pillars_altar, grunt_lair_entry_orc_guard_hut
D:11:     kb_forest_paths, layout_basic, uniq_josephine
D:12:     layout_cave_pods, hiddenorc2_lemuel, minmay_shattered_shrine

Skill      XL: |  1  2  3  4  5  6  7  8  9 10 11 12 |
---------------+-------------------------------------+-----
Conjurations   | 4 6 7 8 9 10 | 10.0
Spellcasting   | 5 8 10 11 12 | 12.6
Translocations | 3 5 7 10 | 10.3
Dodging        | |  1.7
Stealth        | |  1.7

Action                     |  1- 3 |  4- 6 |  7- 9 | 10-12 || total
---------------------------+-------+-------+-------+-------++-------
  Melee: Unarmed           |       |     4 |       |       ||     4
         War axe           |       |       |    21 |    25 ||    46
   Cast: Magic Dart        |   111 |    46 |   116 |       ||   273
         Searing Ray       |     2 |     9 |    55 |     2 ||    68
         Iskenderun's Myst |       |       |    33 |   262 ||   295
    Use: Potion            |       |       |     3 |     2 ||     5
         Scroll            |       |       |       |     1 ||     1
   Stab: Sleeping          |       |       |       |     1 ||     1
 Armour: Robe              |     4 |     8 |    17 |       ||    29
         Ring mail         |       |       |    29 |       ||    29
         Steam dragon scal |       |       |     4 |    43 ||    47
  Dodge: Dodged            |    14 |    13 |   104 |   107 ||   238
  Block: Buckler           |       |       |       |    20 ||    20
